 Dungeon Crawl Stone Soup version 0.26.1-11-gd32895ea62 (webtiles) character file.

Game seed: 13394268528558192391

403 H0rd4k the Insei (level 6, -6/38 HPs)
             Began as an Octopode Transmuter on July 14, 2021.
             Mangled by a gnoll
             ... wielding a +0 spear
              (10 damage)
             ... on level 4 of the Dungeon.
             The game lasted 00:03:55 (4337 turns).

H0rd4k the Insei (Octopode Transmuter)              Turns: 4337, Time: 00:03:56

Health: -6/38      AC:  1    Str:  9    XL:     6   Next: 86%
Magic:  9/10       EV: 14    Int: 17    God:
Gold:   128        SH:  0    Dex: 13    Spells: 7/11 levels left

rFire    . . .     SeeInvis .     - Unarmed
rCold    . . .     Faith    .   (no shield)
rNeg     . . .     Spirit   .   (helmet restricted)
rPois    .         Reflect  .   (no amulet)
rElec    .         Harm     .   g - ring of teleportation (curse)
rCorr    .         Rampage  .   (no ring)
Will     .....     Rnd*Tele +   (no ring)
Stlth    ++........             (no ring)
HPRegen  0.12/turn              (no ring)
MPRegen  0.12/turn              (no ring)
                                (no ring)
                                (no ring)

@: lethally poisoned (-6 -> -7)
A: almost no armour, stealthy swim, amphibious, 8 rings, constrict 8, camouflage
1, gelatinous body 1
a: no special abilities


You were on level 4 of the Dungeon.
You visited 1 branch of the dungeon, and saw 4 of its levels.

You collected 128 gold pieces.

Inventory:

Jewellery
 g - a cursed ring of teleportation (left tentacle)
Scrolls
 a - a scroll of teleportation
 b - 2 scrolls of identify
 c - 2 scrolls of immolation
Potions
 e - 2 potions of cancellation
 f - a potion of lignification
 i - a potion of flight


   Skills:
 + Level 1.4 Fighting
 + Level 3.2 Dodging
 + Level 5.3 Unarmed Combat
 * Level 3.0 Spellcasting
 * Level 3.3 Transmutations
 - Level 1.9 Poison Magic


You had 7 spell levels left.
You knew the following spells:

 Your Spells              Type           Power        Failure   Level
a - Beastly Appendage     Tmut           26%          4%          1
b - Spider Form           Tmut/Pois      5%           17%         3

Your spell library contained the following spells:

 Spells                   Type           Power        Failure   Level
 Wereblood                Tmut           13%          7%          2
 Ice Form                 Ice/Tmut       8%           65%         4
 Blade Hands              Tmut           6%           77%         5


Dungeon Overview and Level Annotations

Branches:
Dungeon (4/15)
 Temple: D:4-7

Altars:
Kikubaaqudgha
Makhleb
Vehumet
Yredelemnul

Shops:
D:4 [(}


Innate Abilities, Weirdness & Mutations

You cannot wear most types of armour.
You are very stealthy in the water. (Stealth+)
You are amphibious.
You can wear up to eight rings at the same time.
You can use your tentacles to constrict eight enemies at once.
Your skin changes colour to match your surroundings (Stealth+).
Your rubbery body absorbs attacks. (AC +1, EV +1)


Message History

The creatures around you are filled with an inner flame!
It was a scroll of immolation.
The gnoll hits you but does no damage. The gnoll hits you but does no damage.
You feel sick. The gnoll hits you but does no damage.
The gnoll hits you but does no damage. The gnoll hits you but does no damage.
Your transformation is almost over.
You feel sick. The gnoll hits you but does no damage.
You cannot move.
The gnoll hits you but does no damage. The gnoll hits you but does no damage.
The gnoll hits you but does no damage.
You feel sick. The gnoll hits you but does no damage.
The gnoll hits you but does no damage. The gnoll hits you but does no damage.
The gnoll hits you but does no damage.
You feel sick. The gnoll hits you but does no damage.
You feel less wooden.
The gnoll hits you from afar with a +0 spear!
You die...

.....#####.....
##...
...............
.o.##
..................
.. .
>........#.#.... .
## ........#....##..
........#........
#..###.†.#
#....#.#.#
#.....#@###
#####........g.....
##...........#####..
##..........#.#
#......##..#..#
.....##.##..#.##
.... #........ o..
####...... ##......


You could see a gnoll (inner flame).

Vanquished Creatures
  A scorpion (D:4)
  3 orc priests (D:4)
  A hound (D:4)
  3 orc wizards
  Jessica (D:2)
  A worker ant (D:4)
  2 adders
  An ooze (D:1)
  A worm (D:2)
  3 dart slugs (D:1)
  A leopard gecko (D:3)
  7 orcs
  5 bats
  3 giant cockroaches
  5 hobgoblins
  8 jackals
  5 kobolds
  A quokka (D:2)
  2 ball pythons
  7 frilled lizards
  2 goblins
  8 rats
  A spectral orc (D:3)
72 creatures vanquished.

Notes
Turn   | Place    | Note
-------+----------+-------------------------------------------
     0 | D:1      | H0rd4k the Octopode Transmuter began the quest for the Orb.
     0 | D:1      | Reached XP level 1. HP: 13/13 MP: 3/3
   298 | D:1      | Reached XP level 2. HP: 8/18 MP: 5/5
   813 | D:1      | Reached XP level 3. HP: 17/23 MP: 6/6
   826 | D:1      | Learned a level 3 spell: Spider Form
  1727 | D:2      | HP: 1/23 [poisoned by an adder]
  2430 | D:2      | Noticed Jessica
  2433 | D:2      | Killed Jessica
  2434 | D:2      | Reached skill level 4 in Unarmed Combat
  2434 | D:2      | Reached XP level 4. HP: 15/28 MP: 7/7
  3423 | D:3      | Found a burning altar of Makhleb.
  3427 | D:3      | Reached skill level 1 in Poison Magic
  3427 | D:3      | Reached XP level 5. HP: 24/33 MP: 4/8
  3834 | D:3      | Found a basalt altar of Yredelemnul.
  3914 | D:3      | Found an ancient bone altar of Kikubaaqudgha.
  3914 | D:3      | Found a radiant altar of Vehumet.
  4022 | D:4      | Found Rarhad's Antique Armour Shoppe.
  4128 | D:4      | Found Qimneb's Weapon Shoppe.
  4134 | D:4      | Found Jugg's Gadget Shoppe.
  4142 | D:4      | Reached XP level 6. HP: 33/38 MP: 6/10
  4259 | D:4      | Reached skill level 5 in Unarmed Combat
  4337 | D:4      | Mangled by a gnoll

Illustrated notes

Levels and vault maps discovered:
D:1:      dpeg_arrival_three_same_balls, layout_basic
D:2:      layout_basic, uniq_jessica
D:3:      layout_rooms, overflow_temple_1_default,
          yredelemnul_forgotten_temple_becter,
          gammafunk_temple_overflow_elements
D:4:      layout_rooms, kennysheep_mini, kennysheep_little_box, serial_shops,
          nicolae_shop_crystal, shop, nicolae_shop_statue_plus,
          mrwooster_statue_mirror

Skill      XL: |  1  2  3  4  5  6 |
---------------+-------------------+-----
Unarmed Combat | 4 5 |  5.3
Poison Magic   | 1 |  1.9
Transmutations | 3 |  3.3
Dodging        | 3 |  3.2
Spellcasting   | 3 |  3.0
Fighting       | |  1.4

Action                   |  1- 3 |  4- 6 || total
-------------------------+-------+-------++-------
Melee: Unarmed           |    76 |   117 ||   193
       Constrict         |    23 |    17 ||    40
       Tentacles         |    14 |    11 ||    25
       Punch             |     4 |     2 ||     6
       Kick              |     1 |       ||     1
 Cast: Beastly Appendage |     1 |       ||     1
       Spider Form       |       |     5 ||     5
  Use: Scroll            |     6 |     3 ||     9
       Potion            |     1 |     1 ||     2
 Stab: Sleeping          |    10 |     4 ||    14
Armor: Skin              |     2 |    26 ||    28
Dodge: Dodged            |    31 |    82 ||   113
